 Dungeon Crawl Stone Soup version 0.20.0-14-g326068f (webtiles) character file.

1125 JeffiDaFish the Shield-Bearer (level 8, -1/49 HPs)
             Began as a Gargoyle Fighter on June 8, 2017.
             Slain by Akrius's ghost (4 damage)
             ... on level 4 of the Dungeon.
             The game lasted 00:11:27 (3524 turns).

JeffiDaFish the Shield-Bearer (Gargoyle Fighter)    Turns: 3524, Time: 00:11:27

Health: -1/49      AC: 18    Str: 20    XL:     8   Next: 35%
Magic:  8/8        EV:  4    Int:  9    God:
Gold:   165        SH: 10    Dex: 11    Spells: 7/7 levels left

rFire    . . .     SeeInvis .   m - +2 whip (freeze)
rCold    . . .     Gourm    .   c - +0 shield
rNeg     + . .     Faith    .   i - +0 plate armour
rPois    ∞         Spirit   .   (no helmet)
rElec    +         Reflect  .   (no cloak)
rCorr    .         Harm     .   h - +0 pair of gloves
MR       .....                  (no boots)
Stlth    ..........             (no amulet)
Regen    0.2/turn               (no ring)
MPRegen  0.2/turn               (no ring)

@: no status effects
A: negative energy resistance 1, electricity resistance, unbreathing,
petrification resistance, rot immunity, AC +5
a: no special abilities


You were on level 4 of the Dungeon.
You were not hungry.

You visited 1 branch of the dungeon, and saw 4 of its levels.

You collected 165 gold pieces.

Inventory:

Hand Weapons
 m - a +2 whip of freezing (weapon)
Armour
 c - a +0 shield (worn)
 h - a +0 pair of gloves (worn)
 i - a +0 plate armour (worn)
Scrolls
 e - a scroll of identify
Potions
 b - 2 potions of brilliance
 g - a potion of flight
Comestibles
 d - 2 royal jellies
 f - 4 bread rations
 j - 6 meat rations
 l - 2 fruits


   Skills:
 + Level 5.1 Fighting
 + Level 6.2 Maces & Flails
 + Level 5.2 Armour
 + Level 1.2 Dodging
 + Level 6.4 Shields


You had 7 spell levels left.
You didn't know any spells.

Dungeon Overview and Level Annotations

Branches:
Dungeon (4/15)
 Temple: D:4-7

Altars:
Fedhas
Nemelex Xobeh
Sif Muna

Annotations:
D:4 Akrius's ghost, novice HOFi


Innate Abilities, Weirdness & Mutations

You are resistant to torment.
Your stone body is resilient. (AC +5)
You are immune to poison.
You resist negative energy. (rN+)
You are resistant to electric shocks. (rElec)
You can survive without breathing.
You are immune to petrification.
You are immune to rotting.


Message History

Akrius's ghost is heavily damaged.
Akrius's ghost hits you!
* * * LOW HITPOINT WARNING * * *
You hit Akrius's ghost. You freeze Akrius's ghost.
Akrius's ghost is severely damaged.
Akrius's ghost hits you but does no damage.
You hit Akrius's ghost but do no damage.
Akrius's ghost is severely damaged.
You block Akrius's ghost's attack.
You hit Akrius's ghost but do no damage.
Akrius's ghost is heavily damaged.
Akrius's ghost barely misses you.
You hit Akrius's ghost but do no damage.
Akrius's ghost is heavily damaged.
You hit Akrius's ghost but do no damage.
Akrius's ghost is heavily damaged.
Akrius's ghost hits you!
* * * LOW HITPOINT WARNING * * *
Akrius's ghost hits you.
You die...

..##.....##.#
#..# #.......
###.......#.#
#..###.######
..#..._.....#
#......#
###.......###
##.#####
##.....### #.#
##...##.# #.#
######[# #.#
####.#
#.###########.#
#....#
#..[[[.@W.....#
#.####
#.#############
#.# #.#
#.#######.#
##.##......#
...........#
###
##.........#
♣..
##......#.##
♣## ...##p#.#.#
$


You could see Akrius's ghost.

Vanquished Creatures
  Pikel (D:4)
  The ghost of puppykicker the Slasher, an amateur HaMo (D:3)
  Sigmund (D:2)
  A slave (D:4)
  A centaur (D:3)
  A howler monkey (D:4)
  2 orc priests (D:4)
  Jessica (D:2)
  A worker ant (D:4)
  8 adders
  A worm (D:3)
  2 dart slugs (D:1)
  3 leopard geckos
  3 orcs (D:4)
  A giant cockroach (D:3)
  8 hobgoblins
  4 jackals (D:3)
  A quokka (D:3)
  2 ball pythons
  8 bats
  5 frilled lizards
  8 goblins
  7 kobolds
  4 rats
75 creatures vanquished.

Vanquished Creatures (others)
  A slave (D:4)
  A plant (D:4)
2 creatures vanquished.

Grand Total: 77 creatures vanquished

Notes
Turn   | Place    | Note
-------+----------+-------------------------------------------
     0 | D:1      | JeffiDaFish the Gargoyle Fighter began the quest for the Orb.
     0 | D:1      | Reached XP level 1. HP: 14/14 MP: 1/1
   158 | D:1      | Reached XP level 2. HP: 19/19 MP: 2/2
   434 | D:1      | Reached XP level 3. HP: 24/24 MP: 3/3
   599 | D:2      | Noticed Sigmund
   634 | D:2      | Killed Sigmund
   634 | D:2      | Reached XP level 4. HP: 11/29 MP: 4/4
   634 | D:2      | Reached XP level 5. HP: 12/33 MP: 5/5
  1062 | D:2      | Found a blossoming altar of Fedhas.
  1063 | D:2      | Noticed Jessica
  1070 | D:2      | Killed Jessica
  1070 | D:2      | Reached XP level 6. HP: 39/39 MP: 6/6
  1710 | D:3      | Found a deep blue altar of Sif Muna.
  1811 | D:3      | Noticed puppykicker's ghost (amateur HaMo)
  2386 | D:4      | Found a sparkling altar of Nemelex Xobeh.
  2447 | D:4      | Reached skill level 5 in Shields
  2447 | D:4      | Reached XP level 7. HP: 16/44 MP: 7/7
  2455 | D:4      | Reached skill level 1 in Dodging
  2459 | D:4      | HP: 2/44 [orc priest/nerve-wracking pain (6)]
  2926 | D:4      | Noticed Pikel
  2980 | D:4      | Killed Pikel
  2980 | D:4      | Reached skill level 5 in Fighting
  2980 | D:4      | Reached skill level 5 in Maces & Flails
  2980 | D:4      | Reached skill level 5 in Armour
  2980 | D:4      | Reached XP level 8. HP: 39/49 MP: 8/8
  3054 | D:4      | Noticed Akrius's ghost (novice HOFi)
  3369 | D:3      | Killed puppykicker's ghost
  3524 | D:4      | Slain by Akrius's ghost

Skill      XL: |  1  2  3  4  5  6  7  8 |
---------------+-------------------------+-----
Fighting       | 4 5 |  5.1
Maces & Flails | 3 4 5 6 |  6.2
Armour         | 4 5 |  5.2
Shields        | 4 5 6 |  6.4
Dodging        | 1 |  1.2

Action                   |  1- 3 |  4- 6 |  7- 9 || total
-------------------------+-------+-------+-------++-------
Melee: Flail             |    92 |   216 |    85 ||   393
       Whip              |       |       |   136 ||   136
  Use: Scroll            |     2 |     4 |     2 ||     8
       Potion            |     3 |     3 |     1 ||     7
  Eat: Chunk             |       |     5 |     2 ||     7
       Royal jelly       |       |       |     1 ||     1
Armor: Scale mail        |    15 |       |       ||    15
       Plate armour      |    58 |   176 |   118 ||   352
Dodge: Dodged            |    13 |    53 |    36 ||   102
Block: Shield            |    54 |   116 |    90 ||   260
